| TOP OF THE 1ST |
|
Lake County Captains batting - Pitching for Quad Cities River Bandits : RHP Gabe Torres
|
|
Pitching: RHP Gabe Torres
|
|
|
Batting: RHB Kenzo Shinoda
|
0-0: Ball 1-0: Fly out, F7 (Flyball, 7, EV 90.6 MPH)
|
|
Batting: RHB Willie Gonzales
|
0-0: Ball 1-0: Ball 2-0: Ball 3-0: Base on Balls
|
|
Batting: RHB Carlos Abrego
|
0-0: Grounds into double play, 5-4-3 (Groundball, 25, EV 90.0 MPH)
|
| Top of the 1st over - 0 runs, 0 hits, 0 errors, 0 left on base; Lake County 0 - Quad Cities 0 |
| BOTTOM OF THE 1ST |
|
Quad Cities River Bandits batting - Pitching for Lake County Captains : LHP Manny Trump
|
|
Pitching: LHP Manny Trump
|
|
|
Batting: RHB Ben Sutton
|
0-0: TRIPLE (Line Drive, 78XD, EV 109.4 MPH)
|
|
Batting: RHB Sean Mounts
|
0-0: Swinging Strike 0-1: Swinging Strike 0-2: Ball 1-2: Ball 2-2: Fly out, F9 (Flyball, 9D, EV 87.5 MPH) Runner from 3rd tags up, SCORES, throw by RF
|
|
Batting: LHB Daigo Ishii
|
0-0: Called Strike 0-1: Ball 1-1: SINGLE (Groundball, 34D, EV 110.6 MPH)
|
|
Batting: RHB Erik Smith
|
0-0: Called Strike 0-1: Swinging Strike 0-2: Fly out, F8 (Flyball, 8RD, EV 95.6 MPH)
|
|
Batting: LHB Bob Govella
|
0-0: Called Strike 0-1: Foul Ball, location: 2F 0-2: Foul Ball, location: 2F 0-2: Strikes out swinging
|
| Bottom of the 1st over - 1 run, 2 hits, 0 errors, 1 left on base; Lake County 0 - Quad Cities 1 |
| TOP OF THE 2ND |
|
Lake County Captains batting - Pitching for Quad Cities River Bandits : RHP Gabe Torres
|
|
Batting: LHB Nick Welling
|
0-0: Ball 1-0: Ball 2-0: Ball 3-0: Called Strike 3-1: Fly out, F7 (Flyball, 7, EV 76.9 MPH)
|
|
Batting: RHB Josh Patterson
|
0-0: Ball 1-0: Foul Ball, location: 2F 1-1: Ball 2-1: Foul Ball, location: 2F 2-2: Ball 3-2: Ground out 1-3 (Groundball, 15S, EV 65.0 MPH)
|
|
Batting: SHB Justin Veatch
|
0-0: Called Strike 0-1: Ball 1-1: Called Strike 1-2: Ball 2-2: Strikes out swinging
|
| Top of the 2nd over - 0 runs, 0 hits, 0 errors, 0 left on base; Lake County 0 - Quad Cities 1 |
| BOTTOM OF THE 2ND |
|
Quad Cities River Bandits batting - Pitching for Lake County Captains : LHP Manny Trump
|
|
Batting: RHB Steve Moore
|
0-0: SOLO HOME RUN (Flyball, 7D, EV 95.0 MPH), Distance : 379 ft
|
|
Batting: RHB Andrew Pride
|
0-0: Ball 1-0: Foul Ball, location: 2F 1-1: Foul Ball, location: 2F 1-2: Ground out 6-3 (Groundball, 6, EV 90.6 MPH)
|
|
Batting: LHB Bruce Arvizu
|
0-0: Swinging Strike 0-1: Ball 1-1: Called Strike 1-2: Strikes out swinging
|
|
Batting: LHB Fernando Gomez
|
0-0: Ball 1-0: Ball 2-0: Called Strike 2-1: Foul Ball, location: 2F 2-2: Ground out 4-3 (Groundball, 34D, EV 97.5 MPH)
|
| Bottom of the 2nd over - 1 run, 1 hit, 0 errors, 0 left on base; Lake County 0 - Quad Cities 2 |
| TOP OF THE 3RD |
|
Lake County Captains batting - Pitching for Quad Cities River Bandits : RHP Gabe Torres
|
|
Batting: RHB Jose Valtierra
|
0-0: Ball 1-0: Called Strike 1-1: SINGLE (Groundball, 34D, EV 96.2 MPH)
|
|
Batting: LHB Aaron Caron
|
0-0: Foul Ball, location: 2F 0-1: Ball 1-1: Ball 2-1: SINGLE (Groundball, 4D, EV 106.9 MPH) Jose Valtierra to second Runner from 2nd tries for 3rd, SAFE, throw by CF made to third Aaron Caron to second
|
|
Batting: RHB Adam McMillen
|
0-0: Ball 1-0: Called Strike 1-1: DOUBLE (Groundball, 5L, EV 100.0 MPH) Jose Valtierra scores Aaron Caron scores
|
|
Batting: RHB Kenzo Shinoda
|
0-0: Called Strike 0-1: Fly out, F9 (Flyball, 89D, EV 102.5 MPH) Runner from 2nd tags up, SAFE at 3rd, no throw by RF
|
|
Batting: RHB Willie Gonzales
|
0-0: Foul Ball, location: 2F 0-1: Ball 1-1: Foul Ball, location: 2F 1-2: Ball 2-2: Foul Ball, location: 2F 2-2: TRIPLE (Flyball, 7LD, EV 108.1 MPH) Adam McMillen scores
|
|
Batting: RHB Carlos Abrego
|
0-0: Called Strike 0-1: Fly out, F9 (Flyball, BS8, EV 100.0 MPH) Runner from 3rd tags up, SCORES, no throw by RF
|
|
Batting: LHB Nick Welling
|
0-0: Foul Ball, location: 2F 0-1: Foul Ball, location: 2F 0-2: Ball 1-2: Ball 2-2: Foul Ball, location: 2F 2-2: Fly out, F8 (Flyball, 8RD, EV 94.4 MPH)
|
| Top of the 3rd over - 4 runs, 4 hits, 0 errors, 0 left on base; Lake County 4 - Quad Cities 2 |
| BOTTOM OF THE 3RD |
|
Quad Cities River Bandits batting - Pitching for Lake County Captains : LHP Manny Trump
|
|
Batting: RHB Ben Sutton
|
0-0: Ball 1-0: Ball 2-0: Ground out 6-3 (Groundball, 6, EV 105.0 MPH)
|
|
Batting: RHB Sean Mounts
|
0-0: Ball 1-0: Ball 2-0: Ball 3-0: Called Strike 3-1: Swinging Strike 3-2: Fly out, F8 (Flyball, 89S, EV 93.8 MPH)
|
|
Batting: LHB Daigo Ishii
|
0-0: Ground out 6-3 (Groundball, 6, EV 111.2 MPH)
|
| Bottom of the 3rd over - 0 runs, 0 hits, 0 errors, 0 left on base; Lake County 4 - Quad Cities 2 |
| TOP OF THE 4TH |
|
Lake County Captains batting - Pitching for Quad Cities River Bandits : RHP Gabe Torres
|
|
Batting: RHB Josh Patterson
|
0-0: Foul Ball, location: 2F 0-1: Ball 1-1: Ball 2-1: Ball 3-1: Foul Ball, location: 2F 3-2: Strikes out swinging
|
|
Batting: SHB Justin Veatch
|
0-0: Foul Ball, location: 2F 0-1: Ball 1-1: Foul Ball, location: 2F 1-2: Strikes out swinging
|
|
Batting: RHB Jose Valtierra
|
0-0: Ground out 4-3 (Groundball, 4M, EV 108.1 MPH)
|
| Top of the 4th over - 0 runs, 0 hits, 0 errors, 0 left on base; Lake County 4 - Quad Cities 2 |
| BOTTOM OF THE 4TH |
|
Quad Cities River Bandits batting - Pitching for Lake County Captains : LHP Manny Trump
|
|
Batting: RHB Erik Smith
|
0-0: Called Strike 0-1: Foul Ball, location: 2F 0-2: Ball 1-2: Strikes out swinging
|
|
Batting: LHB Bob Govella
|
0-0: Swinging Strike 0-1: Ball 1-1: Swinging Strike 1-2: Strikes out swinging
|
|
Batting: RHB Steve Moore
|
0-0: Called Strike 0-1: Fly out, F8 (Line Drive, 8RD, EV 105.0 MPH)
|
| Bottom of the 4th over - 0 runs, 0 hits, 0 errors, 0 left on base; Lake County 4 - Quad Cities 2 |
| TOP OF THE 5TH |
|
Lake County Captains batting - Pitching for Quad Cities River Bandits : RHP Gabe Torres
|
|
Batting: LHB Aaron Caron
|
0-0: Foul Ball, location: 2F 0-1: Ball 1-1: Fly out, F8 (Flyball, 8LD, EV 101.9 MPH)
|
|
Batting: RHB Adam McMillen
|
0-0: Called Strike 0-1: Foul Ball, location: 2F 0-2: Foul Ball, location: 2F 0-2: Ground out U3 (Groundball, 34S, EV 86.2 MPH)
|
|
Batting: RHB Kenzo Shinoda
|
0-0: Ball 1-0: Ball 2-0: SINGLE (Line Drive, 7S, EV 108.1 MPH)
|
|
Batting: RHB Willie Gonzales
|
0-0: Ball 1-0: Called Strike 1-1: Called Strike 1-2: Ball 2-2: Strikes out swinging
|
| Top of the 5th over - 0 runs, 1 hit, 0 errors, 1 left on base; Lake County 4 - Quad Cities 2 |
| BOTTOM OF THE 5TH |
|
Quad Cities River Bandits batting - Pitching for Lake County Captains : LHP Manny Trump
|
|
Batting: RHB Andrew Pride
|
0-0: Ball 1-0: Swinging Strike 1-1: Called Strike 1-2: Strikes out swinging
|
|
Batting: LHB Bruce Arvizu
|
0-0: Called Strike 0-1: Foul Ball, location: 2F 0-2: Strikes out swinging
|
|
Batting: LHB Fernando Gomez
|
0-0: Swinging Strike 0-1: Hit by Pitch
|
|
Batting: RHB Ben Sutton
|
0-0: Called Strike 0-1: Called Strike 0-2: Ball 1-2: Ball Fernando Gomez is caught stealing 2nd base 2-4
|
| Bottom of the 5th over - 0 runs, 0 hits, 0 errors, 0 left on base; Lake County 4 - Quad Cities 2 |
| TOP OF THE 6TH |
|
Lake County Captains batting - Pitching for Quad Cities River Bandits : RHP Gabe Torres
|
|
Batting: RHB Carlos Abrego
|
0-0: Called Strike 0-1: Ball 1-1: Ground out 6-3 (Groundball, 56D, EV 101.9 MPH)
|
|
Batting: LHB Nick Welling
|
0-0: Foul Ball, location: 2F 0-1: Ball 1-1: Foul Ball, location: 2F 1-2: Ground out U3 (Groundball, 34S, EV 88.1 MPH)
|
|
Batting: RHB Josh Patterson
|
0-0: Foul Ball, location: 2F 0-1: Called Strike 0-2: Ball 1-2: Strikes out swinging
|
| Top of the 6th over - 0 runs, 0 hits, 0 errors, 0 left on base; Lake County 4 - Quad Cities 2 |
| BOTTOM OF THE 6TH |
|
Quad Cities River Bandits batting - Pitching for Lake County Captains : LHP Manny Trump
|
|
Batting: RHB Ben Sutton
|
0-0: Called Strike 0-1: Swinging Strike 0-2: Foul Ball, location: 2F 0-2: Foul Ball, location: 2F 0-2: Strikes out looking
|
|
Batting: RHB Sean Mounts
|
0-0: Ball 1-0: Called Strike 1-1: Called Strike 1-2: Ball 2-2: Foul Ball, location: 2F 2-2: Ball 3-2: Ground out U3 (Groundball, 34S, EV 90.0 MPH)
|
|
Batting: LHB Daigo Ishii
|
0-0: Called Strike 0-1: Ball 1-1: Called Strike 1-2: Ball 2-2: Ball 3-2: Strikes out swinging, 2-3 out at first.
|
| Bottom of the 6th over - 0 runs, 0 hits, 0 errors, 0 left on base; Lake County 4 - Quad Cities 2 |
| TOP OF THE 7TH |
|
Lake County Captains batting - Pitching for Quad Cities River Bandits : RHP Gabe Torres
|
|
Batting: SHB Justin Veatch
|
0-0: Ball 1-0: SINGLE (Groundball, 34D, EV 97.5 MPH)
|
|
Batting: RHB Jose Valtierra
|
0-0: Ball 1-0: Foul Ball, location: 2F 1-1: Swinging Strike 1-2: Ball 2-2: Foul Ball, location: 2F 2-2: Foul Ball, location: 2F 2-2: Ball 3-2: Base on Balls Justin Veatch to second
|
|
Batting: LHB Aaron Caron
|
0-0: Ball 1-0: Called Strike 1-1: Foul Ball, location: 2F 1-2: Foul Ball, location: 2F 1-2: Foul Ball, location: 2F 1-2: Strikes out swinging
|
|
Batting: RHB Adam McMillen
|
0-0: Foul Ball, location: 2F 0-1: Ball 1-1: Called Strike 1-2: Ball 2-2: Strikes out swinging
|
|
Pitching: RHP Carlos Zavala
|
|
|
Batting: RHB Kenzo Shinoda
|
0-0: Ball 1-0: Called Strike 1-1: Ball 2-1: Foul Ball, location: 2F 2-2: Ball 3-2: Ground out 6-3 (Groundball, 6, EV 77.5 MPH)
|
| Top of the 7th over - 0 runs, 1 hit, 0 errors, 2 left on base; Lake County 4 - Quad Cities 2 |
| BOTTOM OF THE 7TH |
|
Quad Cities River Bandits batting - Pitching for Lake County Captains : LHP Manny Trump
|
|
Batting: RHB Erik Smith
|
0-0: Ball 1-0: Ball 2-0: Called Strike 2-1: Foul Ball, location: 2F 2-2: Strikes out looking
|
|
Batting: LHB Bob Govella
|
0-0: Ball 1-0: Ball 2-0: SINGLE (Line Drive, 7S, EV 87.5 MPH)
|
|
Batting: RHB Steve Moore
|
0-0: Ball Bob Govella is caught stealing 2nd base 2-4 1-0: Ball 2-0: Foul Ball, location: 2F 2-1: Ball 3-1: Ground out 6-3 (Groundball, 6M, EV 87.5 MPH)
|
| Bottom of the 7th over - 0 runs, 1 hit, 0 errors, 0 left on base; Lake County 4 - Quad Cities 2 |
| TOP OF THE 8TH |
|
Lake County Captains batting - Pitching for Quad Cities River Bandits : RHP Carlos Zavala
|
|
Batting: RHB Willie Gonzales
|
0-0: Ball 1-0: Called Strike 1-1: Ball 2-1: Foul Ball, location: 2F 2-2: Foul Ball, location: 2F 2-2: Strikes out swinging
|
|
Batting: RHB Carlos Abrego
|
0-0: Fly out, F8 (Flyball, 8LD, EV 80.0 MPH)
|
|
Batting: LHB Nick Welling
|
0-0: Ball 1-0: Foul Ball, location: 2F 1-1: Swinging Strike 1-2: Strikes out swinging
|
| Top of the 8th over - 0 runs, 0 hits, 0 errors, 0 left on base; Lake County 4 - Quad Cities 2 |
| BOTTOM OF THE 8TH |
|
Quad Cities River Bandits batting - Pitching for Lake County Captains : LHP Manny Trump
|
|
Now in LF: Steve Gusman
|
|
|
Batting: RHB Andrew Pride
|
0-0: Ball 1-0: Swinging Strike 1-1: Swinging Strike 1-2: TRIPLE (Flyball, 78XD, EV 92.5 MPH)
|
|
Batting: LHB Bruce Arvizu
|
0-0: Swinging Strike 0-1: Foul Ball, location: 2F 0-2: Strikes out swinging
|
|
Pinch Hitting: RHB Tim Persson
|
0-0: Called Strike 0-1: Ball 1-1: Called Strike 1-2: Strikes out looking
|
|
Batting: RHB Ben Sutton
|
0-0: Foul Ball, location: 2F 0-1: Ground out 6-3 (Groundball, 56, EV 95.6 MPH)
|
| Bottom of the 8th over - 0 runs, 1 hit, 0 errors, 1 left on base; Lake County 4 - Quad Cities 2 |
| TOP OF THE 9TH |
|
Lake County Captains batting - Pitching for Quad Cities River Bandits : RHP Carlos Zavala
|
|
Now at 2B: Tristan Lewis
|
|
|
Now at 3B: Sean Mounts
|
|
|
Now at SS: Steve Moore
|
|
|
Batting: RHB Josh Patterson
|
0-0: Called Strike 0-1: Ball 1-1: Ball 2-1: Ball 3-1: Base on Balls
|
|
Batting: SHB Justin Veatch
|
0-0: Bunt missed! 0-1: Ball 1-1: Ball Josh Patterson is caught stealing 2nd base 2-6 2-1: Ball 3-1: Base on Balls
|
|
Batting: RHB Jose Valtierra
|
0-0: Ball Justin Veatch steals 2nd base 1-0: 2-RUN HOME RUN (Line Drive, 7D, EV 108.8 MPH), Distance : 400 ft
|
|
Batting: LHB Aaron Caron
|
0-0: Called Strike 0-1: Ball 1-1: Ball 2-1: Ball 3-1: Ground out 6-3 (Groundball, 4MD, EV 82.5 MPH)
|
|
Batting: RHB Adam McMillen
|
0-0: SINGLE (Line Drive, 6D, EV 105.6 MPH)
|
|
Batting: RHB Kenzo Shinoda
|
0-0: Called Strike 0-1: Ball Adam McMillen steals 2nd base (no throw) 1-1: Called Strike 1-2: SINGLE (Groundball, 56S, EV 63.1 MPH) (infield hit) Adam McMillen to third
|
|
Batting: RHB Willie Gonzales
|
0-0: Ground out 4-3 (Groundball, 4, EV 91.2 MPH)
|
| Top of the 9th over - 2 runs, 3 hits, 0 errors, 2 left on base; Lake County 6 - Quad Cities 2 |
| BOTTOM OF THE 9TH |
|
Quad Cities River Bandits batting - Pitching for Lake County Captains : LHP Manny Trump
|
|
Batting: RHB Sean Mounts
|
0-0: Ground out 3-1 (Groundball, 34D, EV 92.5 MPH)
|
|
Batting: LHB Daigo Ishii
|
0-0: Ground out U3 (Groundball, 3, EV 88.1 MPH)
|
|
Batting: RHB Erik Smith
|
0-0: Swinging Strike 0-1: Swinging Strike 0-2: Strikes out looking
|
| Bottom of the 9th over - 0 runs, 0 hits, 0 errors, 0 left on base; Lake County 6 - Quad Cities 2 |
|